Replay - HeroMarine v TRUE: Game 1 - New Gettysburg LE

Build Order

Get SALT Encoding   

  12  0:00  Drone  
  13  0:13  Overlord  
  13  0:17  Drone  
  14  0:31  Drone  
  14  0:32  Drone  
  14  0:35  Drone  
  17  0:52  Hatchery  
  17  0:55  Drone  
  17  1:09  Spawning Pool  
  16  1:12  Extractor  
  16  1:13  Drone  
  16  1:17  Drone  
  17  1:21  Drone  
  18  1:29  Drone  
  19  1:39  Overlord  
  19  1:56  Queen  
  19  1:57  Zergling x2  
  19  2:01  Zergling x2  
  23  2:03  Queen  
  23  2:05  Zergling x2  
  26  2:11  Metabolic Boost  
  26  2:13  Drone  
  26  2:15  Drone  
  28  2:24  Drone  
  28  2:25  Drone  
  30  2:33  Drone  
  30  2:35  Queen  
  33  2:38  Drone  
  33  2:43  Drone  
  35  2:47  Overlord  
  35  2:53  Pneumatized Carapace  
  35  2:56  Drone  
  36  3:06  Drone x4  
  36  3:08  Drone  
  36  3:10  Drone  
  42  3:18  Drone x2  
  44  3:32  Overlord  
  44  3:39  Overlord  
  44  3:43  Evolution Chamber  
  44  3:44  Drone  
  44  3:45  Evolution Chamber, Drone  
  44  3:50  Queen  
  44  3:51  Drone x3  
  44  3:52  Drone x3  
  52  3:57  Drone x3  
  57  4:09  Hatchery  
  54  4:12  Zerg Melee Weapons Level 1  
  54  4:20  Queen  
  54  4:21  Overlord  
  54  4:22  Zerg Ground Armor Level 1  
  56  4:28  Overlord  
  56  4:30  Queen  
  58  4:32  Drone  
  58  4:33  Drone  
  58  4:36  Overlord  
  60  4:39  Drone  
  60  4:42  Drone x3  
  60  4:44  Zergling x2  
  60  4:45  Zergling x2  
  66  4:48  Zergling x2  
  66  4:50  Overlord  
  67  4:54  Drone x2  
  67  4:55  Drone  
  67  4:59  Queen  
  72  5:05  Spore Crawler  
  71  5:07  Queen, Overlord  
  71  5:11  Overlord  
  73  5:15  Overlord  
  73  5:17  Zergling x4  
  73  5:18  Zergling x2  
  76  5:22  Zergling x4  
  76  5:26  Queen  
  80  5:28  Zergling x2  
  80  5:30  Zergling x2  
  80  5:31  Zergling x2  
  80  5:32  Zergling x2  
  80  5:34  Zergling x4  
  86  5:40  Zergling x4  
  88  5:43  Zergling x4  
  88  5:47  Overlord  
  90  5:51  Overlord  
  90  5:55  Zergling x2  
  90  5:56  Zergling x4  
  84  5:57  Overlord  
  84  6:02  Queen, Overlord  
  79  6:04  Drone  
  79  6:05  Drone x3  
  79  6:07  Drone  
  79  6:11  Drone  
  84  6:15  Drone  
  84  6:16  Drone  
  86  6:19  Lair  
  86  6:20  Extractor  
  86  6:21  Drone  
  86  6:23  Drone  
  86  6:24  Drone  
  88  6:27  Drone  
  88  6:29  Drone  
  88  6:30  Extractor, Drone  
  90  6:33  Drone  
  90  6:36  Drone  
  90  6:38  Drone  
  92  6:45  Drone x3  
  96  6:55  Overlord  
  96  6:57  Overlord  
  96  7:00  Overlord  
  94  7:12  Hatchery  
  94  7:13  Zergling x8  
  94  7:14  Zergling x4  
  99  7:16  Queen  
  99  7:20  Spire  
  99  7:21  Drone x3  
  99  7:22  Extractor, Drone x4  
  106  7:24  Extractor  
  106  7:26  Extractor  
  106  7:27  Overlord  
  103  7:30  Zergling x8  
  103  7:32  Zergling x2  
  103  7:33  Zerg Ground Armor Level 2  
  103  7:36  Zergling x2  
  109  7:41  Zergling x2  
  109  7:43  Zergling x2  
  108  7:44  Zerg Melee Weapons Level 2  
  108  7:45  Zergling x6  
  108  7:47  Zergling x4  
  113  7:52  Zergling x4  
  113  7:54  Zergling x6  
  113  7:55  Zergling x2  
  113  7:56  Zergling x2  
  120  7:59  Zergling x2  
  120  8:04  Zergling x2  
  122  8:06  Zergling x2  
  123  8:13  Overlord  
  123  8:16  Zergling x2  
  123  8:17  Zergling x4  
  122  8:21  Overlord  
  122  8:22  Zergling x12  
  122  8:23  Zergling x4, Queen, Baneling Nest  
  122  8:24  Queen  
  122  8:27  Zergling x2  
  134  8:29  Zergling x2  
  134  8:32  Zergling x2  
  136  8:35  Mutalisk x2  
  136  8:40  Mutalisk  
  136  8:41  Mutalisk  
  142  8:42  Mutalisk x3  
  142  8:44  Zerg Flyer Weapons Level 1  
  142  8:46  Mutalisk  
  152  8:50  Mutalisk  
  154  8:56  Mutalisk  
  154  9:02  Mutalisk  
  157  9:03  Zergling x2  
  157  9:04  Overlord  
  157  9:05  Zergling x4  
  157  9:06  Zergling x2  
  157  9:07  Zergling x2  
  157  9:09  Overlord  
  161  9:10  Zergling x6  
  161  9:11  Centrifical Hooks  
  161  9:22  Zergling x24  
  173  9:25  Zergling x2  
  173  9:26  Zergling x2  
  173  9:27  Zergling x2, Baneling  
  173  9:28  Baneling x9  
  171  9:32  Zergling x4  
  171  9:33  Zergling x4  
  171  9:35  Zergling x2, Baneling  
  171  9:36  Baneling x4  
  176  9:39  Zergling x6  
  176  9:45  Baneling x4  
  179  9:46  Baneling x2  
  179  9:55  Zergling x2  
  179  9:58  Overlord  
Spawning Tool Build Advisor. Get it on Overwolf

Go to:

Details

  • Created by: Divain
  • Published on: Aug 15, 2016
  • Modified on: Aug 15, 2016
  • Patch: Pre-3.8.0
Show
View Real Time Build Order
Export as new Build Order

Comments (0)

There are no comments. Be the first!

Create an account to comment!